 Dungeon Crawl Stone Soup version 0.31-a0-1308-ga3cce3a448 (webtiles) character file.

Game seed: 15727147421548732434

1 Curundu the Slasher (level 1, -1/19 HPs)
             Began as a Minotaur Berserker on Dec 19, 2023.
             Was a Follower of Trog.
             Slain by a quokka (3 damage)
             ... on level 1 of the Dungeon.
             The game lasted 00:01:07 (164 turns).

Curundu the Slasher (Minotaur Berserker)             Turns: 164, Time: 00:01:08

Health: -1/19      AC:  2    Str: 21    XL:     1   Next: 16%
Magic:  0/0        EV: 12    Int:  4    God:    Trog [*.....]
Gold:   9          SH:  0    Dex:  9    Spells: 0/0 levels left

rFire   . . .        a - +0 falchion
rCold   . . .        (no shield)
rNeg    . . .        b - +0 animal skin
rPois   .            (helmet restricted)
rElec   .            (no cloak)
rCorr   .            (no gloves)
SInv    .            (no boots)
Will    .....        (no amulet)
Stlth   +            (no ring)
HPRegen 0.23/turn    (no ring)
MPRegen 0.07/turn

%: no passive effects
@: very slow
A: horns 2, retaliatory headbutt
a: Renounce Religion, Berserk


You were on level 1 of the Dungeon.
You worshipped Trog.
Trog was aware of your devotion.
You visited 1 branch of the dungeon, and saw 1 of its levels.

You collected 9 gold pieces.

Inventory:

Hand Weapons
 a - a +0 falchion (weapon)
Armour
 b - a +0 animal skin (worn)


   Skills:
 + Level 3.6 Fighting
 + Level 3.7 Long Blades
 + Level 2.4 Armour
 + Level 2.1 Dodging


You couldn't memorise any spells.
You didn't know any spells.
Your spell library contained the following spells:

 Spells                   Type           Power      Damage    Failure   Level
 Hailstorm                Conj/Ice       0%         3d5       86%         3
 Summon Ice Beast         Ice/Summ       0%         N/A       99%         4
 Simulacrum               Ice/Necr       0%         N/A       100%        6


Dungeon Overview and Level Annotations

Branches:
Dungeon (1/15)

Altars:


Innate Abilities, Weirdness & Mutations

You have a pair of horns on your head.
You reflexively headbutt those who attack you in melee.


Message History

Your unstable footing causes you to fumble your attack.
The quokka barely misses you. You furiously retaliate!
You headbutt the quokka.
Your unstable footing causes you to fumble your attack.
The quokka bites you.
Your unstable footing causes you to fumble your attack.
The quokka bites you. The quokka barely misses you.
You miss the quokka. Your headbutt misses the quokka.
The quokka is lightly wounded.
The quokka bites you.
You miss the quokka.
The quokka is lightly wounded.
The quokka bites you.
You closely miss the quokka.
The quokka is lightly wounded.
The quokka bites you.
* * * LOW HITPOINT WARNING * * *
The quokka bites you.
* * * LOW HITPOINT WARNING * * *
You barely miss the quokka. You punch the quokka.
The quokka is heavily wounded.
The quokka bites you.
* * * LOW HITPOINT WARNING * * *
Your unstable footing causes you to fumble your attack.
The quokka bites you but does no damage.
Your unstable footing causes you to fumble your attack.
The quokka closely misses you.
The quokka bites you but does no damage.
You closely miss the quokka.
The quokka is heavily wounded.
The quokka closely misses you.
Your unstable footing causes you to fumble your attack.
The quokka closely misses you.
You closely miss the quokka. Your headbutt misses the quokka.
The quokka is heavily wounded.
The quokka bites you but does no damage.
The quokka barely misses you.
You closely miss the quokka.
The quokka is heavily wounded.
The quokka bites you.
You die...

....~≈≈≈≈≈≈≈≈≈≈≈≈≈≈≈≈≈≈
.....~≈≈≈≈≈≈≈≈≈≈≈≈≈≈≈≈≈≈
.....≈≈≈#'#'#≈≈≈≈≈≈≈#'#'
.....≈≈≈'...##'###'##.†(
.....~≈≈'...#.......#...
.....~~≈#'#'#.#####.###'
......~~≈≈#...#...#...†≈
....⌠..~≈~'.⌠.'.<.###.#≈
....⌠.r@~~'.⌠.'...###.#≈
......≈≈≈≈#...#...#...'≈
.....~≈≈#+###.#####.###'
.....~~≈'...'.......+...
#....~≈≈'...##'###+##..>
#....~≈≈#'#'#≈≈≈≈≈≈≈#+#'
.....≈≈≈≈≈≈≈≈≈≈≈≈≈≈≈≈≈≈≈
.....~≈≈≈≈≈≈≈≈≈≈≈≈≈≈≈≈≈≈
...~~~~~~~≈~~≈~~~~~~~~


You could see a quokka.

Vanquished Creatures
  A ball python (D:1)
  A bat (D:1)
2 creatures vanquished.

Notes
Turn   | Place    | Note
-------+----------+-------------------------------------------
     0 | D:1      | Curundu the Minotaur Berserker began the quest for the Orb.
     0 | D:1      | Reached XP level 1. HP: 19/19 MP: 0/0
   164 | D:1      | Slain by a quokka

Illustrated notes

Levels and vault maps discovered:
D:1:      dpeg_arrival_castle, layout_rooms, minmay_gold_behind_fungi,
          chequers_serial_rivers_small_a

Action                     || total
---------------------------++-------
  Melee: Falchion          ||    16
         Headbutt          ||     1
         Punch             ||     1
   Stab: Distracted        ||     1
 Armour: Animal skin       ||    13
  Dodge: Dodged            ||     7

Table legend: (Time is in decaauts)
 A = Elapsed time spent in this place.
 B = Non-inter-level travel time spent in this place.
 C = Inter-level travel time spent in this place.
 D = Time resting spent in this place.
 E = Time spent auto-exploring this place.
 F = Levels seen in this place.
 G = Mean time per level.
                   A        B        C        D        E       F      G
               +--------+--------+--------+--------+--------+-----+--------+
         Total |    167 |    167 |      0 |      0 |     73 |   1 |  167.0 |
       Dungeon |    167 |    167 |      0 |      0 |     73 |   1 |  167.0 |
               +--------+--------+--------+--------+--------+-----+--------+

Top non-repeatable levels by time:
     D:1: 167 daAuts
